Get step-by-step instructions on how to execute this build order below. Start the game timer, and the build order will tick by so you can play in parallel with StarCraft on a second screen or mobile device.

Game Time

  0:00

Last Step

  N/A

Next Step

Upcoming Step



Don't want to look back and forth between 2 screens? Try out our Overwolf App, the Spawning Tool Build Advisor to get an in-game overlay with this build!

Complete Build Order

  12  0:00  SCV  
  13  0:12  SCV  
  14  0:20  Supply Depot  
  14  0:24  SCV  
  15  0:42  Barracks, SCV  
  16  0:47  Refinery  
  16  0:54  SCV  
  17  1:02  Barracks  
  17  1:06  SCV  
  18  1:18  SCV  
  19  1:31  Reaper  
  19  1:32  Orbital Command  
  20  1:34  Supply Depot  
  20  1:50  Reaper  
  21  1:57  SCV  
  22  2:07  Reaper  
  23  2:10  SCV  
  23  2:14  Command Center  
  24  2:21  Refinery  
  24  2:22  SCV  
  25  2:25  Reaper  
  26  2:34  SCV  
  26  2:37  Bunker  
  27  2:46  Barracks Reactor, SCV  
  28  2:57  Barracks Tech Lab  
  28  2:58  SCV  
  29  3:10  SCV  
  30  3:16  Command Center  
  30  3:20  Factory  
  30  3:32  Orbital Command, Stimpack  
  30  3:34  Marine  
  30  3:38  Marine  
  30  3:39  Marine  
  32  3:52  Marine  
  32  3:53  SCV  
  30  3:56  Marine  
  30  3:58  Marine  
  30  3:59  SCV  
  33  4:05  SCV  
  33  4:07  Factory Reactor, Starport  
  34  4:10  Marine  
  34  4:11  SCV  
  34  4:14  Marine  
  34  4:15  Marine  
  38  4:17  SCV  
  38  4:23  SCV  
  40  4:28  Orbital Command, Marine  
  40  4:30  SCV  
  42  4:31  Marine  
  42  4:37  Supply Depot  
  42  4:38  SCV  
  45  4:42  SCV  
  45  4:44  Hellion x2  
  50  4:45  Marine  
  50  4:47  Medivac  
  50  4:48  Marine  
  50  4:50  SCV  
  54  4:54  SCV x2  
  54  4:57  Marine, Supply Depot  
  57  5:03  SCV  
  57  5:06  Hellion, SCV  
  61  5:09  Hellion  
  61  5:11  Combat Shield  
  63  5:14  Armory  
  63  5:17  Medivac, Marine  
  63  5:19  SCV  
  63  5:20  SCV  
  69  5:21  SCV  
  69  5:22  Marine  
  69  5:28  Hellion  
  72  5:31  Hellion  
  72  5:32  Supply Depot  
  72  5:35  Engineering Bay  
  74  5:37  SCV  
  74  5:38  Marine, Engineering Bay  
  74  5:39  SCV  
  77  5:47  Refinery  
  77  5:48  Refinery  
  77  5:49  Starport Reactor  
  77  5:53  Marine x2  
  77  5:54  Barracks, Orbital Command  
  77  5:55  SCV  
  77  5:57  SCV  
  81  5:59  Supply Depot  
  81  6:00  Factory Tech Lab  
  75  6:17  Marine  
  71  6:19  Marine x2  
  71  6:23  SCV  
  71  6:25  SCV  
  70  6:26  Terran Infantry Weapons Level 1, Terran Infantry Armor Level 1  
  70  6:27  SCV  
  70  6:29  Siege Tank  
  66  6:35  Marine  
  66  6:36  Marine  
  66  6:37  SCV x2, Marine  
  66  6:39  Barracks, Medivac x2  
  75  6:42  Barracks, SCV  
  75  6:45  Marine x2  
  78  6:49  SCV x2  
  78  6:51  Supply Depot  
  78  6:53  Marine  
  81  6:56  Marine  
  81  6:58  SCV  
  84  7:01  Marine, SCV x2  
  84  7:03  Siege Tank  
  84  7:05  Factory  
  84  7:06  Marine  
  90  7:09  Marine  
  90  7:10  SCV  
  90  7:13  SCV x2  
  90  7:14  Refinery  
  90  7:15  Supply Depot  
  94  7:16  Supply Depot, Marine  
  94  7:18  Marine  
  94  7:19  Marine  
  94  7:22  SCV  
  98  7:23  Drilling Claws  
  98  7:25  SCV  
  98  7:26  Barracks Reactor  
  98  7:28  SCV  
  98  7:29  Barracks Reactor  
  100  7:31  Marine  
  100  7:36  Command Center, SCV, Marine x2  
  104  7:37  Siege Tank  
  104  7:39  Marine, SCV  
  109  7:47  Marine  
  109  7:51  Marine  
  107  7:53  Factory Reactor, Medivac x2, SCV  
  107  7:54  Marine  
  107  7:58  Marine x2  
  115  8:00  SCV x2  
  115  8:01  Supply Depot  
  117  8:12  Supply Depot, Marine x7  
  124  8:15  Barracks, Marine  
  124  8:17  Barracks  
  124  8:18  Barracks  
  125  8:23  Siege Tank  
  125  8:35  Marine x2  
  125  8:36  Marine x4  
  125  8:38  Widow Mine x2  
  134  8:44  Marine x2  
  134  8:45  Liberator x2  
  134  8:46  Terran Infantry Weapons Level 2, Terran Infantry Armor Level 2  
  134  8:47  SCV x2  
  141  8:51  Marine  
  141  8:52  Marine, Refinery  
  141  8:54  Supply Depot, Marine  
  144  8:56  Supply Depot  
  144  8:59  Marine  
  144  9:00  Marine  
  144  9:02  Marine  
  147  9:04  Siege Tank  
  147  9:07  Widow Mine x2  
  147  9:09  Barracks Tech Lab x3  
  152  9:11  SCV  
  152  9:14  Marine  
  152  9:17  Marine x2  
  154  9:18  Marine  
  154  9:19  Marauder, Marine  
  154  9:21  Supply Depot  
  154  9:23  Sensor Tower  
  160  9:26  Terran Vehicle Weapons Level 1  
  160  9:33  Marauder, Marine x2  
  160  9:35  Marine  
  160  9:40  Marauder, Marine x2  
  160  9:41  Siege Tank  
  160  9:42  Widow Mine x2  
  168  9:45  Supply Depot  
  168  9:51  Marine  
  156  9:56  Planetary Fortress  
  156  9:58  Marauder, Marine x3  
  158  10:02  Medivac x2  
  158  10:03  Marine x2  
  158  10:05  Supply Depot  
  158  10:07  Marine  
  164  10:08  Marauder, Marine x2  
  169  10:16  Marauder, Marine x2  
  169  10:17  Siege Tank  
  169  10:18  Widow Mine x2  
  169  10:20  SCV x2  
  173  10:23  Supply Depot  
  173  10:26  Marine x2  
  175  10:28  Marine x2  
  175  10:29  Marine, Marauder  
  175  10:34  Marauder, Marine x2  
  175  10:35  Concussive Shells  
  184  10:36  Medivac  
  184  10:41  Marine  
  187  10:43  Marine x2  
  189  10:56  Marine  
  189  10:57  Marauder x2, Marine x3  
  188  10:58  Marine  
  196  11:09  Marine  
  196  11:10  Marauder, Marine x2  
  155  11:14  Marine x2  
  155  11:15  Marine x2  
  155  11:16  Marine  
  155  11:17  Siege Tank, Widow Mine  
  155  11:18  Widow Mine  
  154  11:19  Liberator x2, Marauder x2  
  164  11:26  Terran Infantry Weapons Level 3  
  164  11:27  Marine  
  163  11:35  Terran Infantry Armor Level 3  
  163  11:39  Marauder, Marine x2  
  167  11:40  Command Center  
  167  11:41  Widow Mine  
  163  11:47  Marauder, Marine  
  163  11:53  Marine  
  139  11:54  Siege Tank  
  139  11:55  Widow Mine, Marine x3  
  139  11:56  Marauder  
  149  12:03  Ghost Academy  
  149  12:06  Marine  
  149  12:07  SCV x2  
  146  12:11  Marine  
  146  12:12  Missile Turret, Marine  
  146  12:13  Marauder, Marine  
  146  12:14  Medivac, Widow Mine  
  155  12:16  Medivac  
  155  12:17  Marine  
  155  12:21  Marauder, Marine  
  161  12:23  Widow Mine  
  161  12:29  Marine  
  164  12:33  Marine  
  142  12:39  Marine  
  142  12:40  Marine x3  
  142  12:42  Marine  
  142  12:43  Marine  
  138  12:45  Medivac  
  138  12:47  Marine, Widow Mine x2  
  138  12:48  SCV x2  
  147  12:52  Ghost x3  
  143  12:58  Ghost  
  143  13:04  SCV x3, Refinery x2  
  148  13:07  SCV  
  149  13:14  Sensor Tower  
  149  13:16  Siege Tank, SCV x2  
  156  13:20  Ghost, Widow Mine x2  
  156  13:24  SCV  
  161  13:31  Ghost  
  161  13:32  Planetary Fortress  
  163  13:34  SCV  
  163  13:35  Unknown, SCV  
  163  13:37  Medivac  
  163  13:39  SCV  
  168  13:42  Terran Vehicle Weapons Level 2  
  168  13:48  Ghost  
  169  13:51  SCV, Widow Mine  
  173  13:57  Siege Tank  
  173  13:58  Widow Mine  
  173  14:02  Ghost  
  178  14:03  Command Center  
  178  14:08  Liberator  
  183  14:15  Factory  
  183  14:20  Missile Turret  
  183  14:22  Missile Turret  
  183  14:23  Missile Turret  
  182  14:32  Siege Tank  
  182  14:35  Ghost x2  
  189  14:40  Sensor Tower, Missile Turret  
  189  14:46  Widow Mine x2  
  189  14:47  Ghost  
  189  14:52  Ghost  
  186  14:53  Liberator x2  
  182  15:00  Missile Turret  
  182  15:04  Factory Tech Lab  
  182  15:06  Personal Cloaking  
  182  15:07  Siege Tank  
  154  15:24  Siege Tank  
  154  15:25  Ghost  
  154  15:26  Marine x2  
  142  15:29  Marine  
  142  15:31  Widow Mine  
  137  15:37  Marine x2  
  137  15:39  Siege Tank  
  137  15:41  Ghost  
  141  15:44  Marine  
  141  15:45  Medivac  
  141  15:46  Marine, Ghost, Widow Mine, Medivac  
  141  15:47  Marine x2  
  141  15:48  Marine  
  141  15:49  Marine  
  148  15:53  Widow Mine  
  151  15:59  Siege Tank  
  151  16:00  Command Center, Missile Turret  
  151  16:02  Command Center  
  151  16:03  Missile Turret  
  151  16:04  Ghost x2  
  154  16:10  SCV  
  159  16:15  Ghost x2  
  159  16:17  Siege Tank, Widow Mine  
  159  16:18  Widow Mine  
  170  16:25  Marine  
  164  16:26  Marine  
  164  16:27  Marine  
  164  16:28  Marine  
  164  16:29  Marine x2  
  164  16:31  Siege Tank, Marine  
  164  16:32  Marine  
  153  16:33  Marine x2  
  147  16:43  Ghost, Marine  
  142  16:47  Ghost  
  142  16:49  Siege Tank  
  142  16:50  Widow Mine  
  151  16:54  Marine  
  151  16:55  Widow Mine